Map: Base du roi Sejong EC

Players

Moojaby - Winner!

  • Race: Protoss Protoss
  • League: Platinum
  • Spawn Location: 5:00

zidar

  • Race: Zerg Zerg
  • League: Platinum
  • Spawn Location: 11:00

VOD

Have the link to the VOD?

Description

Time

  • Played on: Oct. 8, 2016, 7:29 a.m.
  • Length: 15:14
Show
View Real Time Build Order
Export as new Build Order

Moojaby Protoss - Winner!

Build Orders: 1 Gate Expand 

Get SALT Encoding   

  12  0:01  Probe (Chrono Boost)  
  13  0:11  Probe (Chrono Boost)  
  14  0:20  Pylon  
  14  0:23  Probe (Chrono Boost)  
  15  0:38  Probe (Chrono Boost)  
  15  0:41  Gateway  
  16  0:46  Assimilator  
  16  0:49  Probe (Chrono Boost)  
  17  0:59  Probe (Chrono Boost)  
  18  1:10  Probe (Chrono Boost)  
  19  1:28  Nexus  
  19  1:37  Probe (Chrono Boost)  
  20  1:41  Cybernetics Core  
  20  1:47  Pylon  
  20  1:51  Assimilator  
  20  1:57  Probe (Chrono Boost)  
  21  2:19  Mothership Core (Chrono Boost)  
  21  2:21  Adept  
  25  2:23  Warp Gate (Chrono Boost)  
  26  2:37  Probe (Chrono Boost)  
  26  2:42  Probe (Chrono Boost)  
  27  2:47  Probe (Chrono Boost)  
  28  2:52  Pylon  
  28  2:56  Gateway  
  28  2:59  Gateway  
  28  3:06  Adept  
  28  3:10  Pylon  
  28  3:11  Probe  
  31  3:14  Probe  
  32  3:21  Probe  
  32  3:26  Probe  
  34  3:29  Gateway  
  34  3:44  Gateway  
  34  3:47  Gateway, Probe  
  35  3:58  Gateway  
  35  4:00  Assimilator  
  35  4:13  Pylon  
  35  4:26  Pylon  
  35  4:27  Sentry x4  
  43  4:51  Stalker x2  
  43  4:52  Stalker x2  
  51  5:05  Stalker x2  
  55  5:15  Adept  
  55  5:16  Adept x3  
  63  5:31  Adept x2  
  67  5:40  Stalker x2  
  67  5:41  Stalker  
  73  5:45  Probe  
  73  5:47  Probe  
  75  6:06  Probe  
  75  6:09  Robotics Facility  
  77  6:11  Probe  
  67  6:22  Stalker x2  
  67  6:23  Stalker x2  
  69  6:42  Adept x2  
  69  7:02  Immortal (Chrono Boost)  
  73  7:10  Probe  
  73  7:14  Pylon  
  74  7:24  Pylon  
  74  7:26  Pylon  
  78  7:37  Immortal (Chrono Boost)  
  78  7:38  Assimilator  
  78  7:40  Probe  
  79  7:44  Probe  
  80  7:51  Probe  
  80  7:54  Forge  
  80  7:56  Twilight Council  
  81  7:59  Pylon  
  81  8:02  Probe  
  82  8:06  Adept x4  
  82  8:07  Adept  
  93  8:13  Observer (Chrono Boost), Probe  
  94  8:31  Warp Prism (Chrono Boost)  
  96  8:43  Probe, Pylon  
  96  8:45  Probe  
  98  9:23  Adept x5  
  98  9:53  Adept x3  
  60  10:25  Immortal (Chrono Boost)  
  50  10:42  Adept x2  
  52  10:43  Adept x3  
  52  10:49  Protoss Ground Weapons Level 1 (Chrono Boost)  
  60  10:51  Charge  
  60  10:54  Pylon  
  60  10:55  Immortal  
  60  10:57  Pylon  
  60  11:00  Gateway x2  
  60  11:03  Templar Archives  
  64  11:04  Adept x2, Gateway  
  64  11:05  Adept  
  64  11:06  Adept  
  72  11:29  Immortal  
  76  11:44  Adept  
  76  11:45  Adept x3  
  84  12:06  Adept  
  84  12:07  Adept x2  
  73  12:24  Adept  
  63  12:31  Protoss Ground Armor Level 1 (Chrono Boost)  
  63  12:35  Adept x2  
  63  12:36  Adept  
  69  12:39  Immortal  
  59  12:57  Adept x4  
  49  13:07  Mothership Core  
  49  13:11  Sentry x2  
  50  13:23  Stalker x2  
  48  13:42  Adept x2  
  38  14:16  Pylon  
  38  14:18  Pylon  
  38  14:20  Pylon  
  36  14:30  Probe  
  36  14:31  Probe  
  24  14:38  Stalker  
  24  14:39  Stalker x3  
  24  14:40  Probe, Stalker  
  24  14:43  Probe  
  36  14:51  Probe  
  37  14:55  Probe  
  38  15:01  Probe  
  39  15:08  Stalker x2  
  39  15:10  Sentry  
  39  15:11  Sentry  
Show
View Real Time Build Order
Export as new Build Order

zidar Zerg 

Build Orders: Pool First 

Get SALT Encoding   

  12  0:02  Drone  
  13  0:13  Overlord  
  13  0:19  Drone  
  14  0:32  Drone x2  
  16  0:42  Spawning Pool  
  15  0:46  Drone  
  16  1:10  Hatchery  
  15  1:13  Drone  
  15  1:17  Extractor  
  15  1:18  Drone  
  15  1:23  Drone  
  17  1:27  Drone  
  18  1:41  Queen  
  18  1:45  Overlord  
  20  1:57  Drone  
  21  2:09  Drone  
  22  2:17  Queen, Drone  
  25  2:31  Drone x2  
  27  2:41  Drone  
  27  2:42  Hatchery  
  27  2:43  Metabolic Boost  
  27  2:46  Drone  
  27  2:50  Drone  
  29  3:07  Pneumatized Carapace  
  29  3:13  Extractor  
  29  3:18  Roach Warren  
  27  3:51  Drone  
  27  3:53  Overlord x5  
  27  3:54  Queen  
  27  3:55  Overlord  
  30  4:03  Drone x4  
  34  4:16  Drone x5  
  39  4:29  Lair  
  39  4:38  Evolution Chamber  
  38  4:42  Drone x3  
  38  4:43  Drone  
  38  4:44  Evolution Chamber  
  38  4:45  Drone x2  
  43  5:15  Roach x10  
  63  5:24  Drone  
  62  5:39  Zergling x2  
  62  5:40  Zergling x18  
  66  5:45  Ravager  
  66  5:46  Ravager  
  66  5:47  Ravager  
  69  5:50  Zergling x12  
  65  6:22  Zergling x12  
  62  6:37  Zergling x6  
  62  6:55  Hatchery  
  60  7:11  Zergling x2  
  60  7:12  Zergling x10  
  66  7:28  Roach  
  68  7:32  Overlord x5  
  68  7:36  Zerg Ground Armor Level 1, Zerg Melee Weapons Level 1  
  68  7:44  Baneling Nest  
  68  7:50  Queen  
  69  8:14  Extractor  
  69  8:16  Drone x5  
  69  8:17  Extractor  
  69  8:19  Roach  
  80  8:20  Roach x3, Zergling x14  
  87  8:29  Centrifical Hooks  
  87  8:32  Baneling  
  87  8:33  Baneling x6  
  87  8:43  Drone x5  
  87  8:44  Drone x3  
  87  8:46  Queen  
  97  8:55  Ravager  
  98  8:57  Baneling  
  98  8:58  Baneling x6  
  98  9:01  Baneling x5  
  98  9:08  Drone x3  
  98  9:09  Drone x4  
  105  9:35  Zergling x18  
  105  9:38  Overlord x3  
  114  9:43  Zerg Melee Weapons Level 2  
  114  9:50  Zerg Ground Armor Level 2  
  67  10:54  Zergling x18  
  67  10:55  Zergling x18  
  85  10:57  Ravager x5  
  85  11:01  Baneling x3  
  90  11:13  Zergling x2  
  90  11:14  Zergling x6  
  90  11:26  Zergling x6  
  22  12:55  Zergling x8  
  22  12:56  Zergling x4  
  14  13:58  Roach x4  
Tags
 
Add a new tag
Caveats
  • Supply blocks, unpowered buildings, or Contaminate may cause inaccurate times.
  • Supply counts are checked every 10 seconds.